 Dungeon Crawl Stone Soup version 0.30.1-4-g462c640d31 (webtiles) character file.

Game seed: 5377406636648464534

177 Wiggles the Trooper (level 5, -2/48 HPs)
             Began as a Minotaur Berserker on Aug 23, 2023.
             Was a Believer of Trog.
             Slain by a black bear (3 damage)
             ... on level 3 of the Dungeon.
             The game lasted 00:02:59 (1993 turns).

Wiggles the Trooper (Minotaur Berserker)            Turns: 1993, Time: 00:03:00

Health: -2/48      AC:  3    Str: 30    XL:     5   Next: 30%
Magic:  4/4        EV: 11    Int:  4    God:    Trog [**....]
Gold:   131        SH:  7    Dex:  9    Spells: 4/4 levels left

rFire   + . .        a - +0 hand axe
rCold   . . .        j - +1 kite shield {rPois}
rNeg    . . .        e - +0 leather armour
rPois   +            (helmet restricted)
rElec   .            (no cloak)
rCorr   .            (no gloves)
SInv    .            (no boots)
Will    .....        (no amulet)
Stlth   +            h - ring of protection from fire
HPRegen 0.28/turn    q - +6 ring of strength
MPRegen 0.09/turn

%: no passive effects
@: on berserk cooldown, slowed, very slow
A: horns 2, retaliatory headbutt
a: Renounce Religion, Berserk, Trog's Hand


You were on level 3 of the Dungeon.
You worshipped Trog.
Trog was pleased with you.
You visited 1 branch of the dungeon, and saw 3 of its levels.

You collected 131 gold pieces.

Inventory:

Hand Weapons
 a - a +0 hand axe (weapon)
Armour
 e - a +0 leather armour (worn)
 j - a +1 kite shield of poison resistance (worn)
Jewellery
 h - a ring of protection from fire (left hand)
 q - a +6 ring of strength (right hand)
Scrolls
 c - 2 scrolls of identify {unknown}
 f - a scroll of teleportation {unknown}
 i - a scroll of brand weapon {unknown}
 k - a scroll of immolation {unknown}
 m - a scroll of fog {unknown}
 n - a scroll of blinking {unknown}
Potions
 b - 2 potions of cancellation {unknown}
 d - 2 potions of curing {unknown}
 g - a potion of invisibility {unknown}
 l - a potion of haste {unknown}
 o - a potion of magic {unknown}
 p - a potion of ambrosia {unknown}


   Skills:
 + Level 5.3 Fighting
 + Level 5.2 Axes
 + Level 3.1 Armour
 + Level 3.0 Dodging
 + Level 0.2 Stealth
 + Level 0.2 Shields


You had 4 spell levels left.
You didn't know any spells.
Your spell library was empty.

Dungeon Overview and Level Annotations

Branches:
Dungeon (3/15)

Altars:


Innate Abilities, Weirdness & Mutations

You have a pair of horns on your head.
You reflexively headbutt those who attack you in melee.


Message History

The black bear is lightly wounded.
You barely miss the frilled lizard. You hit the gnoll but do no damage.
You closely miss the gnoll. You block the gnoll's attack. x2
The frilled lizard bites you. The black bear bites you!
The black bear claws you but does no damage.
The black bear barely misses you. The gnoll hits you but does no damage.
The black bear bites you. You block the black bear's attack.
The black bear claws you but does no damage.
The gnoll hits you with a +0 whip.
The frilled lizard bites you but does no damage.
You barely miss the black bear.
The black bear is lightly wounded.
You slash the frilled lizard!
You kill the frilled lizard!
Trog accepts your kill.
You slash the gnoll! You hit the gnoll but do no damage.
The gnoll barely misses you. You block the gnoll's attack.
The black bear barely misses you. You block the black bear's attack.
The black bear claws you.
You completely miss the black bear.
The black bear is lightly wounded.
You hit the gnoll but do no damage. x2; The gnoll hits you with a +0 whip.
* * * LOW HITPOINT WARNING * * *
The gnoll hits you with a +0 spear.
* * * LOW HITPOINT WARNING * * *
The black bear barely misses you. You block the black bear's attack.
The black bear closely misses you. The gnoll closely misses you.
The gnoll hits you with a +0 spear.
* * * LOW HITPOINT WARNING * * *
The black bear barely misses you. x2
The black bear claws you but does no damage.
You hit the black bear but do no damage.
You headbutt the black bear!
The black bear is moderately wounded.
You hit the gnoll. x2; The gnoll hits you with a +0 whip.
* * * LOW HITPOINT WARNING * * *
The gnoll hits you with a +0 spear.
* * * LOW HITPOINT WARNING * * *
The black bear bites you.
You die...

# #. #######..
#####.###h.......
.........@g......
....?.#.g†.......
##### #.#........
#)##+###### #)#
.. #.# ... #.#
#...###'##+####
#.............#


You could see a black bear and 2 gnolls.

Vanquished Creatures
  9 gnolls
  2 adders (D:2)
  An ufetubus (D:2)
  A worm (D:2)
  2 dart slugs (D:2)
  4 orcs (D:2)
  3 ball pythons
  4 endoplasms
  2 giant cockroaches (D:1)
  6 goblins
  6 hobgoblins
  3 jackals (D:1)
  2 bats
  5 frilled lizards
  4 kobolds
  7 rats
61 creatures vanquished.

Notes
Turn   | Place    | Note
-------+----------+-------------------------------------------
     0 | D:1      | Wiggles the Minotaur Berserker began the quest for the Orb.
     0 | D:1      | Reached XP level 1. HP: 19/19 MP: 0/0
    96 | D:1      | Reached XP level 2. HP: 27/27 MP: 1/1
   507 | D:1      | Reached XP level 3. HP: 29/33 MP: 2/2
  1081 | D:2      | Reached XP level 4. HP: 39/41 MP: 3/3
  1089 | D:2      | Reached skill level 5 in Fighting
  1418 | D:2      | Reached ** piety under Trog
  1968 | D:3      | Reached skill level 5 in Axes
  1977 | D:3      | Reached XP level 5. HP: 48/48 MP: 4/4
  1984 | D:3      | Noticed a black bear
  1993 | D:3      | HP: 1/48 [gnoll/+0 spear (6)]
  1993 | D:3      | Slain by a black bear

Illustrated notes

Levels and vault maps discovered:
D:1:      psy_arrival_conway, layout_rooms, serial_co_window_serial,
          co_window_corner_a, co_window_corner_a, co_window_corner_a,
          co_window_paths_a, co_window_of_opportunity_a, co_window_corner_b,
          co_window_cross_2, co_window_unsneaky_path_d,
          co_window_unsneaky_path_a, co_window_paths_e, glass_columns_a
D:2:      layout_loops_corners, wad_orctagon
D:3:      layout_basic, minitemple, grunt_ministairs_1

Skill      XL: |  1  2  3  4 |
---------------+-------------+-----
Axes           | 4 5 |  5.2
Fighting       | 4 5 |  5.3
Armour         | 3 |  3.1
Dodging        | 3 |  3.0
Stealth        | |  0.2
Shields        | |  0.2

Action                     |  1- 3 |  4- 6 || total
---------------------------+-------+-------++-------
  Melee: Hand axe          |    59 |    51 ||   110
         Headbutt          |     9 |     7 ||    16
 Invoke: Berserk           |     2 |     1 ||     3
 Armour: Animal skin       |     1 |       ||     1
         Leather armour    |    15 |    11 ||    26
  Dodge: Dodged            |    42 |    28 ||    70
  Block: Kite shield       |     4 |    24 ||    28
